 Dungeon Crawl Stone Soup version 0.31-a0-339-gda1cbd555d (webtiles) character file.

Game seed: 4068303702505053908

1251 LustLizard the Ruffian (level 8, -1/54 HPs)
             Began as an Octopode Shapeshifter on July 21, 2023.
             Was a Follower of Wu Jian.
             Slain by a centaur (3 damage)
             ... on level 5 of the Dungeon.
             The game lasted 00:11:21 (5969 turns).

LustLizard the Ruffian (Octopode Shapeshifter)      Turns: 5969, Time: 00:11:22

Health: -1/54      AC:  1    Str: 16    XL:     8   Next: 51%
Magic:  8/8        EV: 13    Int: 10    God:    Wu Jian [*.....]
Gold:   239        SH:  0    Dex: 13    Spells: 7/7 levels left

rFire   . .          .
                       - Unarmed
rCold   . . .        (no shield)
rNeg    . . .        (helmet currently unavailable)
rPois   .            (no amulet)
rElec   .            (no ring)
rCorr   .            (no ring)
SInv    .            (no ring)
Will    .....        (no ring)
Stlth   ++++         (no ring)
HPRegen 0.29/turn    (no ring)
MPRegen 0.11/turn    (no ring)
                     (no ring)

%: no passive effects
@: beast-form
A: beast (slay +3), almost no armour, amphibious, 8 rings, camouflage 1,
gelatinous body 1, (nimble swimmer 1), tentacles
a: Begin Untransformation, Renounce Religion


You were on level 5 of the Dungeon.
You worshipped Wu Jian.
Wu Jian was aware of your devotion.
You were a hulking beast.
You visited 2 branches of the dungeon, and saw 7 of its levels.

You collected 239 gold pieces.

Inventory:

Missiles
 d - 2 throwing nets
 k - 2 poisoned darts
Talismans
 b - a beast talisman
Wands
 l - a wand of polymorph (8)
 u - a wand of charming (9)
Scrolls
 c - 6 scrolls of teleportation
 f - 2 scrolls of noise {unknown}
 m - a scroll of fear {unknown}
 o - 2 scrolls of blinking {unknown}
 p - a scroll of enchant weapon {unknown}
 q - a scroll of brand weapon {unknown}
 r - a scroll of vulnerability {unknown}
Potions
 a - 2 potions of lignification
 e - a potion of cancellation
 g - 2 potions of curing
 h - a potion of berserk rage
 i - a potion of brilliance
 j - a potion of mutation {unknown}
 n - 2 potions of haste
 s - 2 potions of might


   Skills:
 + Level 4.6 Fighting
 - Level 2.0 Dodging
 - Level 5.0 Stealth
 * Level 7.2 Unarmed Combat
 + Level 4.9 Shapeshifting


You had 7 spell levels left.
You didn't know any spells.
Your spell library contained the following spells:

 Spells                   Type           Power      Damage    Failure   Level
 Hailstorm                Conj/Ice       0%         3d3       75%         3
 Leda's Liquefaction      Hex/Erth       0%         N/A       98%         4
 Summon Ice Beast         Ice/Summ       0%         N/A       98%         4
 Lee's Rapid Deconstruct  Erth           0%         3d4*      100%        5
 Leda's Unmaking          Conj/Erth      0%         9d1       100%        6
 Simulacrum               Ice/Necr       0%         N/A       100%        6


Dungeon Overview and Level Annotations

Branches:
Dungeon (6/15)             Temple (1/1) D:4

Altars:
Ashenzari
Kikubaaqudgha
Makhleb
Okawaru
Sif Muna
Trog
Uskayaw
Vehumet
Wu Jian
Yredelemnul
The Shining One

Annotations:
D:4 1 runed translucent door, epsilonplus's ghost, amateur OgSh
D:5 Dowan; Duvessa
D:6 Menkaure


Innate Abilities, Weirdness & Mutations

You are a hulking beast.
Your limbs bulge with bestial killing power. (Slay +3)
You cannot wear most types of armour.
You are amphibious.
You can wear up to eight rings at the same time.
Your skin changes colour to match your surroundings (Stealth+).
Your rubbery body absorbs attacks. (AC +1, EV +1)
((You are camouflaged when in or above water. (Stealth+)))
You have tentacles for arms and can constrict up to eight enemies at once.


Message History

The centaur shoots an arrow.
The arrow hits you! The white imp hits you. The white imp freezes you.
* * * LOW HITPOINT WARNING * * *
You tentacle-slap the white imp but do no damage.
You grab the white imp.
The white imp is almost dead.
You constrict the white imp, but do no damage.
The centaur shoots an arrow.
The arrow misses you. The white imp hits you.
* * * LOW HITPOINT WARNING * * *
The white imp freezes you.
* * * LOW HITPOINT WARNING * * *
You tentacle-slap the white imp.
You kill the white imp!
The Council accepts your kill.
The centaur shoots an arrow.
The arrow misses you.
Unknown command.
You lunge at the centaur.
You barely miss the centaur.
The centaur unwields a +0 shortbow.
The centaur closely misses you. The centaur misses you.
You bludgeon the centaur! You squeeze the centaur.
The centaur is severely wounded.
The centaur misses you.
The centaur kicks you but does no damage.
You tentacle-slap the centaur.
The centaur is severely wounded.
The centaur barely misses you.
The centaur kicks you but does no damage.
The centaur closely misses you. x2
You tentacle-slap the centaur.
The centaur is almost dead.
The centaur hits you.
* * * LOW HITPOINT WARNING * * *
The centaur kicks you.
* * * LOW HITPOINT WARNING * * *
Unknown command.
You closely miss the centaur. You tentacle-slap the centaur.
You squeeze the centaur, but do no damage.
The centaur is almost dead.
The centaur closely misses you. The centaur kicks you.
You die...

..#........#..#
#
..)..#######..##
###### #...# ##
# ##..# #.##
#..# #...## #
#..##.....# ###
##†.......# ..##
#........# ...##
#..h....## ....#
#..c....# ....##
#........#
.....#
###.....##
.....## ##.####
......# #..
...^..# #..
......# #..
......#


You could see a centaur.

Vanquished Creatures
  Grinder (D:5)
  Sigmund (D:4)
  Eustachio (D:5)
  An ogre (D:4)
  A scorpion (D:5)
  2 jellies (D:4)
  A gnoll bouda (D:4)
  2 hounds
  2 orc priests
  2 iguanas (D:5)
  A sleepcap (D:4)
  An orc wizard (D:4)
  Terence (D:3)
  10 gnolls
  9 adders
  A white imp (D:5)
  An ufetubus (D:4)
  2 worms
  5 dart slugs
  17 orcs
  8 endoplasms
  2 giant cockroaches
  8 hobgoblins
  3 kobolds
  A quokka (D:4)
  2 ball pythons (D:2)
  4 bats
  5 frilled lizards
  8 goblins
  4 rats
107 creatures vanquished.

Notes
Turn   | Place    | Note
-------+----------+-------------------------------------------
     0 | D:1      | LustLizard the Octopode Shapeshifter began the quest for
                  | the Orb.
     0 | D:1      | Reached XP level 1. HP: 13/13 MP: 1/1
   191 | D:1      | Reached skill level 1 in Stealth
   191 | D:1      | Reached XP level 2. HP: 8/18 MP: 2/2
  1033 | D:1      | Reached XP level 3. HP: 23/23 MP: 3/3
  1379 | D:2      | Reached XP level 4. HP: 29/29 MP: 4/4
  1513 | D:2      | Reached skill level 4 in Unarmed Combat
  1983 | D:3      | Reached XP level 5. HP: 27/34 MP: 5/5
  2067 | D:3      | Found an ornate altar of the Wu Jian Council.
  2164 | D:3      | Noticed Terence
  2170 | D:3      | Killed Terence
  2790 | D:4      | You fall into a shaft and drop 2 floors!
  2793 | D:6      | Noticed Menkaure
  2903 | D:5      | Entered Level 5 of the Dungeon
  2939 | D:5      | Noticed Grinder
  2948 | D:5      | Killed Grinder
  2949 | D:5      | Reached skill level 5 in Unarmed Combat
  2949 | D:5      | Reached XP level 6. HP: 12/42 MP: 6/6
  3216 | D:5      | Found an ancient bone altar of Kikubaaqudgha.
  3338 | D:5      | Reached XP level 7. HP: 36/46 MP: 7/7
  3682 | D:4      | Found a staircase to the Ecumenical Temple.
  3764 | Temple   | Entered the Ecumenical Temple
  3809 | D:3      | Became a worshipper of the Wu Jian Council
  3825 | D:4      | Noticed epsilonplus's ghost (amateur OgSh)
  4016 | D:4      | Found a runed translucent door.
  4160 | D:4      | Reached skill level 5 in Stealth
  4318 | D:4      | Noticed Sigmund
  4347 | D:4      | Reached skill level 6 in Unarmed Combat
  4361 | D:4      | Killed Sigmund
  4362 | D:4      | Reached XP level 8. HP: 51/54 MP: 8/8
  4557 | D:5      | Noticed Duvessa
  4558 | D:5      | Noticed Dowan
  4960 | D:5      | Noticed Eustachio
  5587 | D:5      | Killed Eustachio
  5588 | D:5      | Reached skill level 7 in Unarmed Combat
  5959 | D:5      | Reached * piety under Wu Jian
  5968 | D:5      | HP: 2/54 [centaur (2)]
  5969 | D:5      | Slain by a centaur

Illustrated notes

Levels and vault maps discovered:
D:1:      tarquinn_simple_flora_water_a, layout_basic
D:2:      layout_loops_ring
D:3:      layout_loops_ring, mainiacjoe_overflow_boulevard, uniq_terence
D:4:      layout_loops_cross, minmay_temple_entry_overgrown,
          hellmonk_ghost_happy_afterlife, nicolae_titane, uniq_sigmund
D:5:      layout_cave_pods, hangedman_feature_mirror, uniq_eustachio,
          uniq_duvessa, uniq_grinder
D:6:      layout_loops_ring, mainiacjoe_overflow_brackets, uniq_menkaure
Temple:   grunt_temple_mini_profane

Skill      XL: |  1  2  3  4  5  6  7  8 |
---------------+-------------------------+-----
Stealth        | 1 2 3 4 5 |  5.0
Fighting       | 2 3 4 |  4.6
Unarmed Combat | 4 5 6 7 |  7.2
Shapeshifting  | 4 |  4.9
Dodging        | |  2.0

Action                     |  1- 3 |  4- 6 |  7- 9 || total
---------------------------+-------+-------+-------++-------
  Melee: Unarmed           |    37 |    78 |   107 ||   222
         Tentacles         |     9 |    13 |    31 ||    53
         Constrict         |    10 |    17 |    36 ||    63
         Punch             |     1 |     2 |     7 ||    10
  Throw: Dart              |       |     2 |     8 ||    10
Ability: Lunge             |       |       |     9 ||     9
    Use: Scroll            |       |     5 |     3 ||     8
         Potion            |       |       |     2 ||     2
   Stab: Sleeping          |     4 |     5 |     3 ||    12
         Distracted        |     1 |       |       ||     1
 Armour: Skin              |     2 |     5 |     4 ||    11
  Dodge: Dodged            |    14 |    40 |    73 ||   127

Table legend: (Time is in decaauts)
 A = Elapsed time spent in this place.
 B = Non-inter-level travel time spent in this place.
 C = Inter-level travel time spent in this place.
 D = Time resting spent in this place.
 E = Time spent auto-exploring this place.
 F = Levels seen in this place.
 G = Mean time per level.
                   A        B        C        D        E       F      G
               +--------+--------+--------+--------+--------+-----+--------+
         Total |   5956 |   5661 |    295 |    908 |   3346 |   7 |  850.9 |
       Dungeon |   5954 |   5660 |    294 |    908 |   3346 |   6 |  992.3 |
        Temple |      1 |      0 |      1 |      0 |      0 |   1 |    1.0 |
               +--------+--------+--------+--------+--------+-----+--------+

Top non-repeatable levels by time:
     D:5: 1553 daAuts
     D:4: 1500 daAuts
     D:1: 1031 daAuts
     D:2: 913 daAuts
     D:3: 843 daAuts
     D:6: 112 daAuts
  Temple: 1 daAuts
